 Dungeon Crawl Stone Soup version 0.25-a0-667-gb977e01cb5 (webtiles) character file.

Game seed: 4674482172798022109, levelgen mode: deterministic

77 Conn the Ogre Mage (level 4, 0/40 HPs)
             Began as an Ogre Wizard on Mar 27, 2020.
             Slain by a gnoll sergeant
             ... wielding a +5 spear of pain
              (12 damage)
             ... on level 3 of the Dungeon.
             The game lasted 00:09:15 (2618 turns).

Conn the Ogre Mage (Ogre Wizard)                    Turns: 2618, Time: 00:09:16

Health: 0/40       AC:  3    Str: 12    XL:     4   Next: 34%
Magic:  10/10      EV: 10    Int: 19    God:
Gold:   55         SH:  0    Dex:  7    Spells: 0/11 levels left

rFire    + . .     SeeInvis .   f - +0 spear
rCold    . . .     Gourm    .   (no shield)
rNeg     . . .     Faith    .   a - +0 robe
rPois    .         Spirit   .   b - +0 hat
rElec    .         Reflect  .   (no cloak)
rCorr    .         Harm     .   (gloves unavailable)
MR       .....                  (boots unavailable)
Stlth    +.........             (no amulet)
HPRegen  0.13/turn              c - ring of protection from fire
MPRegen  0.12/turn              (no ring)

@: no status effects
A: large, unfitting armour, tough skin 1
a: no special abilities


You were on level 3 of the Dungeon.
You were hungry.

You visited 1 branch of the dungeon, and saw 3 of its levels.

You collected 55 gold pieces.

Inventory:

Hand Weapons
 f - a +0 spear (weapon)
 j - a +1 dagger of flaming
Missiles
 h - 88 stones (quivered)
 t - 2 poisoned darts
Armour
 a - a +0 robe (worn)
 b - a +0 hat (worn)
Jewellery
 c - a ring of protection from fire (left hand)
Wands
 u - a wand of flame (6)
Scrolls
 i - 2 scrolls of remove curse {unknown}
 k - a scroll of immolation {unknown}
 m - a scroll of fear {unknown}
 n - a scroll of noise {unknown}
 p - 3 scrolls of identify {unknown}
 r - a scroll of enchant weapon {unknown}
 s - a scroll of teleportation {unknown}
Potions
 o - a potion of lignification
Comestibles
 d - 3 rations
 v - 8 chunks of flesh


   Skills:
 + Level 0.4 Fighting
 + Level 1.7 Polearms
 + Level 2.0 Dodging
 + Level 1.8 Stealth
 + Level 0.2 Unarmed Combat
 * Level 4.4 Spellcasting
 * Level 1.2 Conjurations
 + Level 0.8 Summonings
 * Level 1.1 Translocations


You couldn't memorise any spells.
You knew the following spells:

 Your Spells              Type           Power        Failure   Level  Hunger
a - Magic Dart            Conj           #...         8%          1    None
b - Blink                 Tloc           N/A          13%         2    #......
c - Call Imp              Summ           #.......     14%         2    #......
d - Conjure Flame         Conj/Fire      #.......     30%         3    ###....
e - Mephitic Cloud        Conj/Pois/Air  #.......     32%         3    ###....

Your spell library contained the following spells:

 Spells                   Type           Power        Failure   Level  Hunger
 Slow                     Hex            #.......     21%         2    #......


Dungeon Overview and Level Annotations

Branches:
Dungeon (3/15)

Altars:
Dithmenos

Annotations:
D:3 CryoSword's ghost, amateur TrFi


Innate Abilities, Weirdness & Mutations

You are too large for most types of armour.
You have tough skin. (AC +1)


Message History

Your crimson imp dies!
Evoke which item? (* to show all) (? for menu, Esc to quit)
Aiming: Throw Flame
Press: ? - help, Shift-Dir - straight line, f/p - gnoll sergeant
Aim: a gnoll sergeant, wielding a +5 spear of pain, wearing a +1 ring mail and wearing a +2 buckler (lightly wounded)
The puff of flame hits the gnoll sergeant.
The gnoll sergeant is moderately wounded.
Evoke which item? (* to show all) (? for menu, Esc to quit)
Aiming: Throw Flame
Press: ? - help, Shift-Dir - straight line, f/p - gnoll sergeant
Aim: a gnoll sergeant, wielding a +5 spear of pain, wearing a +1 ring mail and wearing a +2 buckler (moderately wounded)
The puff of flame misses the gnoll sergeant.
Casting: Call Imp (safe; 14% risk of failure)
Confirm with . or Enter, or press ? or * to list all spells.
You blink.
You feel less ready to backstab.
You see here a potion of cancellation.
Magic courses through your body.
The gnoll sergeant hits you from afar with a +5 spear of pain!
You die...

# #.# ###..##.# #.#.. # #.# #.#
.....# #.##. ###.# #.# #..###.
#.##. ....# #.######..## . ..##.
#.########...#......##.# #.
..............?.......... #.
≈≈≈≈≈≈≈≈≈≈≈≈≈≈≈≈≈≈≈≈≈≈≈≈.# #.
≈≈≈≈≈≈≈≈≈≈≈≈≈≈≈≈≈≈≈≈≈≈≈≈.# #.
≈#####§......!g.@#####≈≈.## #.
≈#)#.#.###.©.###.#.#.#≈≈..# #.
≈#...###.#####$###...#≈≈..# #.
≈###...W.....g.... ###≈≈..######.
≈.8#.##'###'######.#8.≈≈.........
≈.##.#PgP#P.8#".g#.##.≈≈..#######
≈.#..+.....©⌠#:.$'..#.≈≈..#
≈.##)#P.P#P.8#$.$#.##.≈≈..#
≈.8#.##'###'######.#8.≈≈..#


You could see a gnoll sergeant and a gnoll.

Vanquished Creatures
  2 gnolls (D:3)
  An ooze (D:1)
  A worm (D:2)
  A dart slug (D:1)
  A leopard gecko (D:3)
  3 orcs (D:3)
  4 giant cockroaches
  4 goblins
  4 hobgoblins
  4 jackals (D:1)
  2 quokkas (D:2)
  4 bats (D:1)
  3 kobolds
  6 rats (D:1)
40 creatures vanquished.

Vanquished Creatures (collateral kills)
  An adder (D:3)
  2 orcs (D:3)
3 creatures vanquished.

Grand Total: 43 creatures vanquished

Notes
Turn   | Place    | Note
-------+----------+-------------------------------------------
     0 | D:1      | Conn the Ogre Wizard began the quest for the Orb.
     0 | D:1      | Reached XP level 1. HP: 16/16 MP: 5/5
   169 | D:1      | Reached XP level 2. HP: 12/24 MP: 1/6
   181 | D:1      | Reached skill level 1 in Conjurations
   295 | D:1      | Reached skill level 4 in Spellcasting
   395 | D:1      | Reached XP level 3. HP: 5/31 MP: 1/8
  1331 | D:2      | Found a shadowy altar of Dithmenos.
  1488 | D:2      | Learned a level 2 spell: Blink
  1491 | D:2      | Learned a level 2 spell: Call Imp
  1495 | D:2      | Learned a level 3 spell: Conjure Flame
  1938 | D:3      | Reached skill level 1 in Polearms
  1966 | D:3      | Reached skill level 1 in Translocations
  2241 | D:3      | Reached XP level 4. HP: 24/40 MP: 6/10
  2491 | D:3      | Noticed a gnoll sergeant
  2503 | D:3      | Found a transporter.
  2515 | D:3      | Found a transporter.
  2535 | D:3      | Learned a level 3 spell: Mephitic Cloud
  2583 | D:3      | Noticed CryoSword's ghost (amateur TrFi)
  2618 | D:3      | Slain by a gnoll sergeant

Levels and vault maps discovered:
D:1:      eino_arrival_tree_alley, layout_loops_ring, serial_glass,
          glass_columns_c, glass_columns_a, glass_columns_b, glass_columns_b,
          glass_columns_b, glass_columns_b, minmay_worlds_worst_comb
D:2:      layout_basic, nicolae_dithmenos_shadow_blocks
D:3:      layout_loops_ring, gammafunk_ghost_gnarly_gnolls, first_ration

Skill      XL: |  1  2  3 |
---------------+----------+-----
Conjurations   | 1 |  1.2
Spellcasting   | 4 |  4.4
Dodging        | 2 |  2.0
Polearms       | 1 |  1.7
Translocations | 1 |  1.1
Fighting       | |  0.4
Stealth        | |  1.8
Unarmed Combat | |  0.2
Summonings     | |  0.8

Action                   |  1- 3 |  4- 6 || total
-------------------------+-------+-------++-------
Melee: Unarmed           |    10 |       ||    10
       Spear             |   133 |    21 ||   154
 Cast: Magic Dart        |    24 |     8 ||    32
       Call Imp          |     4 |     1 ||     5
       Mephitic Cloud    |       |     1 ||     1
       Blink             |       |     1 ||     1
Evoke: Wand              |       |     3 ||     3
  Use: Potion            |     1 |     6 ||     7
 Stab: Sleeping          |     1 |     3 ||     4
  Eat: Chunk             |     4 |     1 ||     5
Armor: Robe              |    47 |     3 ||    50
       Skin              |     6 |       ||     6
Dodge: Dodged            |    77 |     6 ||    83

Table legend:
 A = Non-vault XP
 B = Vault XP
 C = Vault XP percentage of total XP
 D = Non-vault monster count
 E = Vault monster count
 F = Vault count percentage of total count
                 A         B        C        D         E       F
            +---------+---------+-------+---------+---------+-------
      Total |      84 |      27 |  24.3 |      38 |       5 |  11.6
            +---------+---------+-------+---------+---------+-------
        D:1 |      37 |       6 |  14.0 |      20 |       3 |  13.0
        D:2 |      15 |       0 |   0.0 |       6 |       0 |   0.0
        D:3 |      32 |      21 |  39.6 |      12 |       2 |  14.3
            +---------+---------+-------+---------+---------+-------
